 Dungeon Crawl Stone Soup version 0.21.1-1-g345015f (webtiles) character file.

338 bmj180 the Digger (level 6, 0/33 HPs)
             Began as a Gargoyle Earth Elementalist on July 10, 2018.
             Slain by buskinjo's ghost (5 damage)
             ... on level 4 of the Dungeon.
             The game lasted 00:10:49 (3360 turns).

bmj180 the Digger (Gargoyle Earth Elementalist)     Turns: 3360, Time: 00:10:50

Health: 0/33       AC:  7    Str: 12    XL:     6   Next: 55%
Magic:  13/13      EV: 12    Int: 17    God:
Gold:   175        SH:  0    Dex: 10    Spells: 5/14 levels left

rFire    . . .     SeeInvis .   a - +0 mace
rCold    . . .     Gourm    .   (no shield)
rNeg     + . .     Faith    .   c - +0 robe
rPois    ∞         Spirit   .   (no helmet)
rElec    +         Reflect  .   (no cloak)
rCorr    .         Harm     .   m - +0 pair of gloves
MR       .....                  (no boots)
Stlth    ++........             (no amulet)
HPRegen  0.11/turn              (no ring)
MPRegen  0.13/turn              (no ring)

@: no status effects
A: negative energy resistance 1, electricity resistance, unbreathing,
petrification resistance, rot immunity, AC +4
a: no special abilities


You were on level 4 of the Dungeon.
You were not hungry.

You visited 1 branch of the dungeon, and saw 4 of its levels.

You collected 175 gold pieces.

Inventory:

Hand Weapons
 a - a +0 mace (weapon)
 q - a +0 hunting sling
Missiles
 r - 44 sling bullets
Armour
 c - a +0 robe (worn)
 f - a +0 leather armour
 m - a +0 pair of gloves (worn)
Jewellery
 w - an uncursed ring of flight {unknown}
Wands
 s - a wand of digging (11)
Scrolls
 i - a scroll of fog {unknown}
 l - 3 scrolls of noise {unknown}
 n - 2 scrolls of remove curse {unknown}
 o - a scroll of enchant weapon {unknown}
 u - 3 scrolls of identify {unknown}
Potions
 h - a potion of ambrosia {unknown}
 j - a potion of agility {unknown}
 k - 2 potions of heal wounds
 p - 4 potions of might {unknown}
 t - a potion of curing {unknown}
 v - a potion of flight {unknown}
Books
 e - a book of Geomancy

   Spells                             Type                      Level
   a - Sandblast                      Earth                        1
   b - Passwall                       Transmutation/Earth          2
   c - Stone Arrow                    Conjuration/Earth            3
   d - Petrify                        Transmutation/Earth          4
   e - Lee's Rapid Deconstruction     Earth                        5
Comestibles
 d - 8 rations
 g - a chunk of flesh


   Skills:
 + Level 0.4 Fighting
 + Level 0.1 Maces & Flails
 + Level 2.1 Dodging
 + Level 2.4 Stealth
 * Level 4.7 Spellcasting
   Level 0.7 Transmutations
 * Level 5.8 Earth Magic


You had 5 spell levels left.
You knew the following spells:

 Your Spells              Type           Power        Failure   Level  Hunger
a - Sandblast             Erth           ###...       1%          1    None
b - Stone Arrow           Conj/Erth      ##....       13%         3    ###....
c - Lee's Rapid Deconstr  Erth           ###.......   36%         5    ######.


Dungeon Overview and Level Annotations

Branches:
Dungeon (4/15)
 Temple: D:4-7

Altars:
Trog
Yredelemnul
Zin

Annotations:
D:3 Bnni's ghost, amateur BaGl
D:4 buskinjo's ghost, novice GnSk


Innate Abilities, Weirdness & Mutations

You are resistant to torment.
Your stone body is resilient. (AC +4)
You are immune to poison.
You resist negative energy. (rN+)
You are resistant to electric shocks. (rElec)
You can survive without breathing.
You are immune to petrification.
You are immune to rotting.


Message History

The worker ant is almost dead.
The worker ant closely misses you. The worker ant bites you.
* * * LOW HITPOINT WARNING * * *
You hit the worker ant.
You kill the worker ant!
There is a stone staircase leading down here.
You see here a ball python corpse.
You butcher the ball python corpse.
g - 2 chunks of flesh (gained 1)
You see here a ball python skeleton.
There is a stone staircase leading down here.
You start resting.
Eating one of 2 chunks of flesh.
You eat one of the 2 chunks of flesh.
This raw flesh tastes terrible.
Magic restored.
You start resting.
Bnni's ghost is nearby!
You climb downwards.
Level annotation: buskinjo's ghost, novice GnSk Buskinjo's ghost hits you.
You die...

#...........#...#
#...(.......#...#
#...........#...#############+
#...........#####.............
#.............................
#.............................
#.<...........................
#.............................
######.......@................
#......W...............##
#......................#
#......................#
#...........#+#####+####
#...........# #...........+
#...........# #...........#


You could see buskinjo's ghost.

Vanquished Creatures
  A scorpion (D:1)
  3 orc priests
  A worker ant (D:3)
  Terence (D:2)
  5 adders
  An ooze (D:3)
  2 worms (D:3)
  5 dart slugs
  5 leopard geckos
  9 orcs (D:3)
  3 giant cockroaches (D:2)
  5 goblins
  4 hobgoblins
  7 jackals
  2 quokkas (D:3)
  4 ball pythons
  8 bats
  3 frilled lizards
  6 kobolds
  A quokka zombie (D:4)
  9 rats
  A spectral orc (D:3)
86 creatures vanquished.

Notes
Turn   | Place    | Note
-------+----------+-------------------------------------------
     0 | D:1      | bmj180 the Gargoyle Earth Elementalist began the quest for the Orb.
     0 | D:1      | Reached XP level 1. HP: 10/10 MP: 3/3
   116 | D:1      | Reached skill level 4 in Earth Magic
   201 | D:1      | Reached XP level 2. HP: 15/15 MP: 3/5
   592 | D:2      | Noticed a scorpion
   621 | D:1      | Killed a scorpion
   621 | D:1      | Reached skill level 5 in Earth Magic
   621 | D:1      | Reached XP level 3. HP: 2/19 MP: 0/7
   621 | D:1      | Reached XP level 4. HP: 3/24 MP: 0/8
   996 | D:2      | Found a bloodstained altar of Trog.
  1100 | D:2      | Noticed Terence
  1261 | D:2      | Killed Terence
  1261 | D:2      | Reached XP level 5. HP: 26/28 MP: 0/10
  1470 | D:2      | Found a glowing silver altar of Zin.
  1950 | D:3      | Found a basalt altar of Yredelemnul.
  2037 | D:3      | Noticed Bnni's ghost (amateur BaGl)
  2248 | D:3      | Learned a level 3 spell: Stone Arrow
  2254 | D:3      | Learned a level 5 spell: Lee's Rapid Deconstruction
  2538 | D:3      | Reached XP level 6. HP: 32/32 MP: 10/12
  3219 | D:4      | Noticed a phantom
  3236 | D:4      | Noticed a slave
  3247 | D:4      | Noticed buskinjo's ghost (novice GnSk)
  3360 | D:4      | Slain by buskinjo's ghost

Skill      XL: |  1  2  3  4  5  6 |
---------------+-------------------+-----
Earth Magic    | 4 5 |  5.8
Spellcasting   | 3 4 |  4.7
Dodging        | 2 |  2.1
Fighting       | |  0.4
Maces & Flails | |  0.1
Stealth        | |  2.4
Transmutations | |  0.7

Action                   |  1- 3 |  4- 6 || total
-------------------------+-------+-------++-------
Melee: Unarmed           |     1 |     1 ||     2
       Mace              |       |    62 ||    62
 Cast: Sandblast         |    26 |   114 ||   140
  Eat: Chunk             |       |     8 ||     8
Armor: Robe              |     9 |    83 ||    92
Dodge: Dodged            |    21 |   114 ||   135
